Cogmind - Beta 13 @@@ ROGUE MODE // 2024.05.28 @ 12:52:32 Player: saltine Result: Destroyed by S-10 Pest with Light Assault Rifle Performance ------------- Evolutions (1) 500 Regions Visited (2) 400 Robots Destroyed (51) 255 Value Destroyed (1115) 1115 Prototype IDs (2) 40 Alien Tech Used (0) 0 Bonus (0) 0 TOTAL SCORE: 2310 Bonus ------- None Cogmind --------- Core Integrity 0/400 Matter 180/300 Energy 265/265 System Corruption 0% Temperature Cool (0) Movement Treading (240) Ox1 Location -9/Materials Parts ------- > --- POWER (1) -------- Improved Ion Engine > --- PROPULSION (3) --- Light Treads > --- UTILITY (3) ------ Large Storage Unit > --- WEAPON (2) ------- Improved Light Cannon Heavy Hammer > --- INVENTORY (15) --- Ion Engine Improved Ion Engine Light Treads Light Treads Light Treads Grenade Launcher Rocket Launcher Mini Grenade Launcher Mini Grenade Launcher Mini Grenade Launcher Mini Grenade Launcher Datajack Peak State ------------ > --- POWER ------------ Improved Ion Engine > --- PROPULSION ------- Light Treads Light Treads Light Treads > --- UTILITY ---------- Large Storage Unit Sensor Array Light Armor Plating > --- WEAPON ----------- Improved Light Cannon Improved Light Cannon > --- INVENTORY -------- Ion Engine Improved Ion Engine Improved Ion Engine Light Treads Light Treads Light Treads Light Treads Small Matter Pod Grenade Launcher Rocket Launcher Mini Grenade Launcher Mini Grenade Launcher Mini Grenade Launcher Mini Grenade Launcher Heavy Hammer [Rating: 14] Favorites ----------- Power Improved Ion Engine Engine Improved Ion Engine Propulsion Light Treads Treads Light Treads Utility Structural Scanner Device Structural Scanner Storage Large Storage Unit Protection Light Armor Plating Weapon Light Cannon Energy Gun Medium Laser Energy Cannon Beam Cannon Ballistic Gun Assault Rifle Ballistic Cannon Light Cannon Launcher Mini Grenade Launcher Impact Weapon Heavy Hammer Build | -11 -10 -9 ------- Run | Yrd Mat Mat Slots Evolved 2 | . . 2 Power . | . . . Propulsion 1 | . . 1 Utility 1 | . . 1 Weapon . | . . . Parts Attached 31 | 5 11 15 Power 4 | 1 1 2 Engine 4 | 1 1 2 Core . | . . . Reactor . | . . . Propulsion 6 | 1 2 3 Treads 6 | 1 2 3 Leg . | . . . Wheel . | . . . Hover . | . . . Flight . | . . . Utility 7 | 1 3 3 Device 2 | . 1 1 Storage 4 | 1 2 1 Processor . | . . . Hackware . | . . . Protection 1 | . . 1 Artifact . | . . . Weapon 14 | 2 5 7 Energy Gun 4 | 2 1 1 Energy Cannon 1 | . 1 . Ballistic Gun 1 | . 1 . Ballistic Cannon 5 | . 1 4 Launcher 2 | . 1 1 Special Weapon . | . . . Impact Weapon 1 | . . 1 Slashing Weapon . | . . . Piercing Weapon . | . . . Special Melee Weapon . | . . . Unidentified Prototypes . | . . . Parts Lost 11 | . 1 10 Power 1 | . . 1 Propulsion 4 | . 1 3 Utility 3 | . . 3 Weapon 3 | . . 3 Highest Loss Streak 7 | . 1 7 To Critical Strikes . | . . . Average Slot Usage (%) 95 | . 99 90 Engine 12 | . 14 10 Treads 28 | . 27 31 Device 13 | . 13 14 Storage 13 | . 14 11 Energy Gun 3 | . 4 1 Energy Cannon 7 | . 7 8 Ballistic Gun 4 | . 6 . Ballistic Cannon 8 | . 7 11 Launcher 1 | . 1 . Naked Turns . | . . . Heaviest Build 39 | 14 34 39 Greatest Support 60 | 20 40 60 Greatest Overweight (x) 4 | 4 4 1 Average Overweight (x) . | 1 . . Largest Inventory Capacity 15 | 8 15 15 Average Capacity 12 | 7 11 15 Most Carried 15 | 3 11 15 Average Carried 9 | 2 7 12 Final Capacity 15 | 8 15 15 Final Carried 12 | 3 10 12 Class Distribution -------------------- 100% | Mutant Dominant Class ---------------- Mutant | -10/Materials Mutant | -9/Materials Resources | -11 -10 -9 ----------- Run | Yrd Mat Mat Matter Collected 814 | 224 272 318 Remotely . | . . . Salvage Created 1152 | . 614 538 Parts 103 | . 49 54 Haulers Intercepted 2 | . 2 . Recyclers Shooed . | . . . Parts Field Recycled . | . . . Retrieved Matter . | . . . Parts Self-Destructed . | . . . Prevented . | . . . Kills | -11 -10 -9 ------- Run | Yrd Mat Mat Combat Hostiles Destroyed 40 | . 16 24 Guns 7 | . 6 1 Cannons 26 | . 6 20 AOE 6 | . 4 2 Classes Destroyed 8 | . 6 2 Worker 3 | . 2 1 Builder 2 | . 2 . Hauler 2 | . 2 . Operator 1 | . . 1 Watcher 3 | . 2 1 Swarmer 19 | . 6 13 Grunt 14 | . 10 4 Sentry 7 | . . 7 Best Kill Streak 6 | . 5 6 Combat Bots Only 6 | . 3 6 Max Kills in Single Turn 3 | . 3 2 Gunslinging . | . . . Exploded 2 | . 2 2 Melee . | . . . Uniques/NPCs Destroyed . | . . . Combat | -11 -10 -9 -------- Run | Yrd Mat Mat Hostile Shots Fired 305 | . 68 237 Missed 86 | . 17 69 Damage Taken 2183 | . 527 1656 Core 462 | . 60 402 Absorbed by Shields . | . . . Core Remaining (%) 88 | 100 76 . Volleys Fired 109 | . 37 72 Largest 2 | . 2 2 Hottest 95 | . 95 95 Shots Fired 200 | . 72 128 Gun 39 | . 30 9 Cannon 157 | . 40 117 Launcher 4 | . 2 2 Special . | . . . Kinetic 118 | . 35 83 Thermal 68 | . 34 34 Explosive 4 | . 2 2 Electromagnetic 10 | . 1 9 Robot Hit Streak 17 | . 12 17 Robot Miss Streak 7 | . 7 4 Penetration Max . | . . . Secondary Targets 2 | . 2 . Max Gunslinging Chain 1 | . 1 . Shots Hit Robots 121 | . 42 79 Core Hits 61 | . 29 32 Critical Kills 1 | . . 1 Critical Parts Destroyed . | . . . Critical Strikes 5 | . . 5 Meltdown 1 | . . 1 Blast 4 | . . 4 Melee Attacks . | . . . Impact . | . . . Slashing . | . . . Piercing . | . . . Sneak Attacks . | . . . Combat Hostiles . | . . . Follow-up Attacks . | . . . Damage Inflicted 2550 | . 952 1598 Guns 334 | . 306 28 Cannons 1905 | . 400 1505 Explosions 298 | . 233 65 Melee . | . . . Ramming 13 | . 13 . Kinetic 1386 | . 283 1103 Thermal 837 | . 435 402 Explosive 274 | . 209 65 Electromagnetic 40 | . 12 28 Impact . | . . . Slashing . | . . . Piercing . | . . . Highest Corruption . | . . . Average Corruption . | . . . Corruption Purged . | . . . Corruption Blocked . | . . . Overload Shots . | . . . Overflow Damage 2 | . . 2 Projectiles 2 | . . 2 Explosions . | . . . Melee . | . . . Knockbacks 9 | . 1 8 Impact . | . . . Kinetic 8 | . 1 7 Secondary 1 | . . 1 Self-Inflicted Damage 20 | . 20 . Shots 1 | . 1 . Rammed 1 | . 1 . Targets Rammed 2 | . 2 . Kicked . | . . . Crushed 1 | . 1 . Highest Temperature 396 | . 396 220 Average Temperature 88 | . 127 62 Received Heat Transfer 510 | . 174 336 Effects 2 | . 2 . Interference 2 | . 2 . Siege Activations . | . . . Robots Corrupted . | . . . Combat Hostiles . | . . . Parts Fried . | . . . Impact Corruptions . | . . . Robots Melted 1 | . . 1 Combat Hostiles 1 | . . 1 Parts Melted 2 | . 1 1 Heat Transferred 1900 | . 1049 851 Parts Sabotaged . | . . . Parts Stolen . | . . . Parts Stripped . | . . . Power Chain Reactions 1 | . 1 . Alert | -11 -10 -9 ------- Run | Yrd Mat Mat Peak Influence 374 | . 294 374 Initial 102 | . . 102 Average 165 | . 159 191 Maximum Alert Level 1 | . 1 1 Low Security (%) 62 | 100 65 53 Level 1 37 | . 34 46 Level 2 . | . . . Level 3 . | . . . Level 4 . | . . . Level 5 . | . . . High Security . | . . . Max Security . | . . . Squads Dispatched 5 | . 3 2 Investigation 3 | . 3 . Extermination . | . . . Reinforcement 2 | . . 2 Assault . | . . . Garrison . | . . . Intercept . | . . . Searches Triggered . | . . . Construction Impeded . | . . . Haulers Reinforced . | . . . Active Scanning Responses . | . . . Cargo Convoy Interrupts . | . . . Stealth | -11 -10 -9 --------- Run | Yrd Mat Mat Distress Signals 4 | . 1 3 Communications Jammed . | . . . Distress Signals . | . . . Times Spotted 66 | . 31 35 Peak Tracking Total 6 | . 5 6 Tactical Retreats 4 | . 1 3 Traps | -11 -10 -9 ------- Run | Yrd Mat Mat Traps Triggered 2 | . 2 . Indirectly . | . . . Trap Hack Attempts . | . . . Triggered . | . . . Disarmed . | . . . Reprogrammed . | . . . Reused . | . . . Traps Extracted . | . . . Installed . | . . . Triggered . | . . . Machines | -11 -10 -9 ---------- Run | Yrd Mat Mat Machines Disabled 4 | . 1 3 Max in Single Turn 1 | . 1 1 Machines Repaired . | . . . Machines Dismantled . | . . . Machines Sabotaged . | . . . Overloaded Fab Kills . | . . . Hacking | -11 -10 -9 --------- Run | Yrd Mat Mat Machines Accessed 12 | . 8 4 Terminals 10 | . 7 3 Fabricators . | . . . Repair Stations . | . . . Recycling Units 1 | . 1 . Scanalyzers 1 | . . 1 Garrison Access . | . . . Total Hacks 39 | . 28 11 Successful 20 | . 12 8 Failed 19 | . 16 3 Catastrophic 1 | . 1 . Database Lockouts . | . . . Manual 20 | . 15 5 Terminals 33 | . 26 7 Fabricators . | . . . Repair Stations . | . . . Recycling Units 2 | . 2 . Scanalyzers 4 | . . 4 Garrison Access . | . . . Terminal Hacks 9 | . 7 2 Prototype ID Bank 1 | . 1 . Level Access Points 1 | . 1 . Unreport Threat 1 | . . 1 Dispatch Records 2 | . 1 1 Patrol Status 1 | . 1 . Registered Components 1 | . 1 . Registered Prototypes 1 | . 1 . Zone Layout 1 | . 1 . Fabricator Hacks . | . . . Repair Station Hacks . | . . . Recycling Unit Hacks 1 | . 1 . Report Inventory 1 | . 1 . Scanalyzer 4 | . . 4 Insert Component 1 | . . 1 Analyze 3 | . . 3 Garrison Access Hacks . | . . . Unauthorized Hacks 6 | . 4 2 Terminals 6 | . 4 2 Assimilate 1 | . 1 . Botnet 5 | . 3 2 Fabricators . | . . . Repair Stations . | . . . Recycling Units . | . . . Scanalyzers . | . . . Garrison Access . | . . . Data Cores Recovered . | . . . Used . | . . . Hacking Detections 9 | . 7 2 Full Trace Events 2 | . 2 . Feedback Events . | . . . Feedback Blocked . | . . . Robot Schematics Acquired . | . . . Robots Built . | . . . Authchips . | . . . Time . | . . . Total Robot Build Rating . | . . . Part Schematics Acquired 1 | . . 1 Parts Built . | . . . Authchips . | . . . Time . | . . . Total Part Build Rating . | . . . Parts Repaired . | . . . Time . | . . . Parts Recycled . | . . . Recycled Matter . | . . . Retrieved Matter . | . . . Retrieved Components . | . . . Parts Scanalyzed 1 | . . 1 Part Schematics Acquired 1 | . . 1 Parts Damaged . | . . . Bothacking | -11 -10 -9 ------------ Run | Yrd Mat Mat Used RIF Installer . | . . . Robots Hacked . | . . . Non-combat . | . . . Combat . | . . . Robot Hacks Applied . | . . . Relay Couplers Released . | . . . Fabnet Peak Effective % . | . . . Robots Rewired . | . . . Allies Hacked . | . . . Hacks Repelled . | . . . Allies | -11 -10 -9 -------- Run | Yrd Mat Mat Total Allies 1 | . 1 . Largest Group 1 | . 1 1 Highest-Rated Group 10 | . 10 9 Highest-Rated Ally 10 | . 10 9 Total Orders . | . . . Ally Attacks . | . . . Total Damage . | . . . Kills . | . . . Allies Corrupted . | . . . Allies Melted . | . . . Intel | -11 -10 -9 ------- Run | Yrd Mat Mat Robot Analysis Total . | . . . Derelict Logs Recovered . | . . . Drone Launches . | . . . Drone Recoveries . | . . . Exploration | -11 -10 -9 ------------- Run | Yrd Mat Mat Turns Passed 2648 | 85 1580 983 Spaces Moved 1333 | 47 848 438 Core 88 | 22 66 . Treads 1245 | 25 782 438 Legs . | . . . Wheels . | . . . Hover . | . . . Flight . | . . . Fastest Speed 50 | 50 160 160 Average Speed 166 | 161 168 162 Slowest Speed 250 | 250 250 240 Overloaded Moves . | . . . Propulsion Burnouts . | . . . Robots Hopped . | . . . Cave-ins Triggered . | . . . Exploration Rate (%) 47 | 4 97 40 Regions Visited 2 Branch Regions . Pre-discovered Areas . | . . . Known Exits Taken 1 | . 1 . Unknown Exits Taken 1 | 1 . . Scrap Searched . | . . . Spaces Dug . | . . . Terrain Destroyed 36 | . 22 14 Melee . | . . . Projectile . | . . . AOE 36 | . 22 14 Terrain Rammed . | . . . Walls Destroyed . | . . . Machines Disabled . | . . . Actions | -11 -10 -9 --------- Run | Yrd Mat Mat Total 1562 | 54 924 584 Wait 49 | . 7 42 Move 1331 | 46 847 438 Hop . | . . . Pick Up 29 | 3 14 12 Fast Attach 6 | 5 . 1 Attach 14 | . 5 9 Detach . | . . . Swap 11 | . 6 5 Drop 11 | . 6 5 Fire 109 | . 37 72 Melee . | . . . Ram . | . . . Kick . | . . . Crush 2 | . 2 . Escape Stasis . | . . . Rewire . | . . . Trap . | . . . Miscellaneous . | . . . Route ------- -11/Scrapyard -10/Materials (discovered 6 exits: *Mat x3 / [*Min x2] / [Sub]) -9/Materials (discovered 4 exits: [*Mat] / [*Min] / [*Sto x2]) History --------- Turn | Location | Event 29 | -11/Scrapyard | Discovered new exit (range 16) 86 | -11/Scrapyard | Entered Materials 169 | -10/Materials | Discovered new exit (range 9) 323 | -10/Materials | Build established: Mutant 534 | -10/Materials | Discovered new exit (range 15) 950 | -10/Materials | Discovered new exit (range 16) 1237 | -10/Materials | Identified exit to Materials 1280 | -10/Materials | Discovered new exit (range 10) 1442 | -10/Materials | Discovered new exit (range 6) 1666 | -10/Materials | Entered another Materials area 1666 | -9/Materials | Accompanied by 1 ally 1666 | -9/Materials | Evolved 2 slots: Propulsion x1, Utility x1 1667 | -9/Materials | Discovered new exit (range 8) 2181 | -9/Materials | Discovered new exit (range 5) 2346 | -9/Materials | Discovered new exit (range 6) 2452 | -9/Materials | Lost 3 parts (1u2w) 2490 | -9/Materials | Discovered new exit (range 16) 2582 | -9/Materials | Core integrity fell below 50% 2626 | -9/Materials | Core integrity fell below 20% 2649 | -9/Materials | Destroyed by S-10 Pest with Light Assault Rifle Last Messages --------------- 02588_ S-10 Pest destroyed. 02589_ Lgt. Treads destroyed. 02590_ K-01 Serf collects debris. 02591_ S-10 Pest destroyed. 02594_ K-01 Serf collects debris. 02595_ G-34 Mercenary Sml. Laser blasted off. 02595_ W-16 Scout sends out distress signal. 02596_ K-01 Serf collects debris. 02603_ G-34 Mercenary destroyed. 02603_ K-01 Serf collects debris. 02612_ Critical hit (Burn: +37). 02618_ Acquired Datajack. 02618_ Imp. Light Cannon destroyed. 02619_ Acquired 6 matter. 02620_ The unstable cave ceiling collapses. 02621_ Critical hit (Burn: +37). 02622_ K-01 Serf collects debris. 02638_ Sml. Matter Pod destroyed. 02640_ K-01 Serf collects debris. 02644_ Critical hit (Burn: +37). Map ----- +----------------------------------------------------+ | ??? ? #%# """ # ?????????????????? | | # ? # # """ # ?????????????????? | | # """ # + # ?????????????????? | | # """ # # # ?????????????????? | | # """ # ####### ?????????????????? | | # # #######????????????????? | | # """ + # # ??????????????? | | # """ # + """ + ??????????????? | | # """ # # """ # ??????????????? | | ? # # """ #????????????????? | | ######### # #???????###??????? | | # ]]] ## *# #?????? # ????? | | # ]] ## =[# #????? ????? | | # ]]][ ##%[ #######??? ! #?????? | | # ## % ##???????! #?????? | | # #!%[!=#######%% * ##?????? | | # #[ =% = %[%[ #????? | | # + %t ! = = #?????? | | # "" # % * [ #?????? | | # "" # #######"### % #?????? | | # "T ## Y ##??????? ???? #?????? | | # "" ##sss#????????? ??????????? | | # "" ## #?????????? ?????????? | | # ## #???????????# ???????? | | #### ####^^ ##???????????? =??????? | | ???##??# ^ @ #????????????? ==?????? | | ??????# #?????????????? ?????? | | ??????# #????????????????????? | | ??????# < #????????????????????? | | ??????# #????????????????????? | | ??????#"" ""#????????????????????? | | ??????##"!!!"##????????????????????? | | ???????##"""##?????????????????????? | | ????????####???????????????????????? | | ???????????????????????????????????? | | ???????????????????????????????????? | | ???????????????????????????????????? | | ???????????????????????????????????? | | | | | | | | | | | | | | | | | | | | | | | | | +----------------------------------------------------+ Best States ------------- Heat Dissipation 28 Energy Generation 12 Energy Capacity 265 Matter Stores 300 Matter Capacity 350 Sight Range 16 Robot Scan Range 14 Terrain Scan Density 10 Armor Coverage 150 Evasion (%) 40 Recoil Reduction 3 Item Schematics ----------------- Mni. Grenade Launcher | -9/Materials | Scanalyzed Robot Schematics ------------------ None Fabricated ------------ Nothing Alien Tech Used ----------------- None Achievements -------------- Quantum Hacking Challenges ------------ None Game ------ Seed LightBiometalFirepult Manual? 0 Play Time 00:35:41 Cumulative 11.9 hours Start 2024.05.28 @ 12:17:07 End 2024.05.28 @ 12:52:32 Sessions 1 Manual Loads 0 Difficulty Rogue Special Mode None Game No. 22 Rogue 22 Adventurer 0 Explorer 0 Win Type - Total 0 Types 0/0/0/0/0/0/0/0/0 Lore% 6 Gallery% 24 Achievement% 17 Wizard Run 0 Options --------- Layout 1 ASCII 0 Keyboard 0 Movement Mouse Keybinds 0 Fullscreen 1 Font 24/Smallcaps Map View 50x35 Zoom Use 0% Tactical HUD 1 Map Filters NONE Filters NONE Steam 1 RUN: cc274117-797d-4139-afae-cb91039497b1